 Dungeon Crawl Stone Soup version 0.31-a0-1570-g93c622d222 (webtiles) character file.

Game seed: 12515634504840057308

53 shadizar the Magician (level 4, -2/31 HPs)
             Began as a Djinni Fire Elementalist on Jan 3, 2024.
             Slain by an iguana (4 damage)
             ... on level 3 of the Dungeon.
             The game lasted 00:02:22 (1542 turns).

shadizar the Magician (Djinni Fire Elementalist)    Turns: 1542, Time: 00:02:23

Health: -2/31      AC:  2    Str:  7    XL:     4   Next: 10%
Gold:   51         EV: 12    Int: 19    God:
                   SH:  0    Dex: 13

rFire   + + .        (no weapon)
rCold   x . .        (no shield)
rNeg    . . .        a - +0 robe
rPois   ∞            (no helmet)
rElec   .            (no cloak)
rCorr   .            (no gloves)
SInv    .            (boots unavailable)
Will    .....        (no amulet)
Stlth   ++           (no ring)
HPRegen 0.25/turn    (no ring)
MPRegen 0.00/turn

%: infuse magic (-3 HP)
@: flying
A: sickness immunity, fire resistance 2, cold vulnerability 1, float, innate
caster, HP casting, extra vitality 1
a: no special abilities


You were on level 3 of the Dungeon.
You visited 1 branch of the dungeon, and saw 3 of its levels.

You collected 51 gold pieces.

Inventory:

Armour
 a - a +0 robe (worn)
Scrolls
 b - a scroll of enchant weapon {unknown}
 c - a scroll of identify {unknown}
 d - a scroll of butterflies {unknown}
 e - a scroll of enchant armour {unknown}
 f - a scroll of poison {unknown}
 g - a scroll of amnesia {unknown}


   Skills:
 + Level 0.4 Fighting
 - Level 3.0 Dodging
 - Level 2.3 Stealth
 + Level 3.5 Spellcasting
 + Level 3.5 Conjurations
 + Level 3.5 Hexes
 + Level 3.5 Summonings
 + Level 3.5 Necromancy
 + Level 3.5 Translocations
 + Level 3.5 Fire Magic
 + Level 3.5 Ice Magic
 + Level 3.5 Air Magic
 + Level 3.5 Earth Magic
 + Level 3.5 Alchemy


You knew the following spells:

 Your Spells              Type           Power      Damage    Failure   Level
a - Foxfire               Conj/Fire      64%        2x1d7     3%          1
b - Scorch                Fire           32%        2d6       5%          2
c - Volatile Blastmotes   Fire/Tloc      32%        2d12      11%         3
d - Inner Flame           Hex/Fire       16%        N/A       11%         3
e - Flame Wave            Conj/Fire      16%        2d7       34%         4
f - Freeze                Ice            64%        1d7       3%          1
Your spell library was empty.

Dungeon Overview and Level Annotations

Branches:
Dungeon (3/15)

Altars:

Shops:
D:1 [


Innate Abilities, Weirdness & Mutations

You are immune to sickness and miasma.
You are immune to poison.
Your flesh is very heat resistant. (rF++)
You are vulnerable to cold. (rC-)
You float through the air rather than walking.
You learn spells naturally, not from books.
Your magical power is your life essence.
You have superior vitality. (+4 MHP)


Message History

Done exploring.
Done exploring.
What level of the Dungeon? (default 4, ? - help)
There is a stone staircase leading down here.
You fly downwards.
There is a stone staircase leading up here.
An iguana is nearby!
Casting: Scorch (safe; 5% risk of failure)
Confirm with . or Enter, or press ? or * to list all spells.
You can't see any susceptible monsters within range! (Use Z to cast anyway.)
The iguana bites you.
Casting: Scorch (safe; 5% risk of failure)
Confirm with . or Enter, or press ? or * to list all spells.
Flames lash the iguana but do no damage.
You hear a shout!
An endoplasm comes into view.
The iguana bites you!
Casting: Scorch (safe; 5% risk of failure)
Confirm with . or Enter, or press ? or * to list all spells.
Flames lash the iguana.
The iguana is moderately wounded.
The iguana's fire resistance burns away.
The iguana bites you!
* * * LOW HITPOINT WARNING * * *
You aren't carrying any potions.
You aren't carrying any potions.
Casting: Scorch (safe; 5% risk of failure)
Confirm with . or Enter, or press ? or * to list all spells.
Flames lash the iguana.
The iguana is moderately wounded.
* * * LOW HITPOINT WARNING * * *
You hear a loud squeak.
The iguana completely misses you.
Casting: Scorch (safe; 5% risk of failure)
Confirm with . or Enter, or press ? or * to list all spells.
You don't have enough health to cast this spell.
You aren't carrying any potions.
There is a stone staircase leading up here.
The iguana bites you.
You die...

##+# ##...##
. ##....@##
.J.
##.....l.#..#
#..........#
...........#
...........#
.#.......#...
##.....######
##...## ##+#


You could see an iguana (combustible).

Vanquished Creatures
  A dart slug (D:1)
  2 ribbon worms (D:2)
  3 bats
  6 endoplasms
  A giant cockroach (D:1)
  6 goblins
  3 hobgoblins
  3 quokkas
  6 ball pythons
  8 kobolds
  3 rats (D:1)
42 creatures vanquished.

Vanquished Creatures (others)
  135 foxfires (D:1)
135 creatures vanquished.

Grand Total: 177 creatures vanquished

Notes
Turn   | Place    | Note
-------+----------+-------------------------------------------
     0 | D:1      | shadizar the Djinni Fire Elementalist began the quest for
                  | the Orb.
     0 | D:1      | shadizar set off with the following spells memorised:
                  | Foxfire, Scorch, Volatile Blastmotes, Inner Flame, Flame
                  | Wave.
     0 | D:1      | Reached XP level 1. HP: 15/15 MP: 0/0
    99 | D:1      | Reached XP level 2. HP: 16/21 MP: 0/0
   326 | D:1      | Reached XP level 3. HP: 22/25 MP: 0/0
   326 | D:1      | Learned a level 1 spell: Freeze
   481 | D:1      | Found Veyvaw's Antique Armour Emporium.
  1185 | D:2      | Reached XP level 4. HP: 27/31 MP: 0/0
  1542 | D:3      | Slain by an iguana

Illustrated notes

Levels and vault maps discovered:
D:1:      erik_arrival_blinker_ship, layout_rooms, serial_shops,
          nicolae_shop_real_fake_doors
D:2:      layout_loops_cross
D:3:      minmay_roachtagon, layout_loops_corners, led_sif_book, serial_forest,
          infiniplex_forest_lined_corner, infiniplex_forest_clump_curved,
          infiniplex_forest_end_2, infiniplex_forest_clump_curved,
          infiniplex_forest_corner_1, infiniplex_forest_clump_C,
          infiniplex_forest_lined_4_way, shapermc_ecumenical_altar_mp_vishouse,
          minmay_misc_feat_four_crosses, minmay_bisected

Skill      XL: |  1  2  3 |
---------------+----------+-----
Stealth        | 2 |  2.3
Dodging        | 3 |  3.0
Fighting       | |  0.4
Spellcasting   | |  3.5
Conjurations   | |  3.5
Hexes          | |  3.5
Summonings     | |  3.5
Necromancy     | |  3.5
Translocations | |  3.5
Fire Magic     | |  3.5
Ice Magic      | |  3.5
Air Magic      | |  3.5
Earth Magic    | |  3.5
Alchemy        | |  3.5

Action                     |  1- 3 |  4- 6 || total
---------------------------+-------+-------++-------
  Melee: Unarmed           |     8 |       ||     8
   Cast: Foxfire           |    75 |       ||    75
         Scorch            |    16 |     9 ||    25
 Armour: Robe              |    15 |     4 ||    19
  Dodge: Dodged            |    27 |     3 ||    30

Table legend: (Time is in decaauts)
 A = Elapsed time spent in this place.
 B = Non-inter-level travel time spent in this place.
 C = Inter-level travel time spent in this place.
 D = Time resting spent in this place.
 E = Time spent auto-exploring this place.
 F = Levels seen in this place.
 G = Mean time per level.
                   A        B        C        D        E       F      G
               +--------+--------+--------+--------+--------+-----+--------+
         Total |   1541 |   1491 |     50 |      0 |   1231 |   3 |  513.7 |
       Dungeon |   1541 |   1491 |     50 |      0 |   1231 |   3 |  513.7 |
               +--------+--------+--------+--------+--------+-----+--------+

Top non-repeatable levels by time:
     D:2: 835 daAuts
     D:1: 698 daAuts
     D:3: 7 daAuts
